 Dungeon Crawl Stone Soup version 0.17-a0-1778-gd369669 (webtiles) character file.

34 shakdrar the Unweaver (level 3, -5/29 HPs)
             Began as a Demonspawn Abyssal Knight on Sept 8, 2015.
             Was a Follower of Lugonu.
             Slain by a gnoll
             ... wielding a +0 spear
              (9 damage)
             ... on level 2 of the Dungeon.
             The game lasted 00:04:51 (1359 turns).

shakdrar the Unweaver (Demonspawn Abyssal Knight)   Turns: 1359, Time: 00:04:52

Health: -5/29      AC:  4    Str: 13    XL:     3   Next: 14%
Magic:  5/5        EV: 11    Int: 13    God:    Lugonu [*.....]
Gold:   132        SH:  0    Dex: 12    Spells: 0 memorised, 2 levels left

rFire  . . .     SeeInvis .     e - +1 whip (pain)
rCold  . . .     Clarity  .     b - +0 leather armour
rNeg   . . .     SustAt   .     (no shield)
rPois  .         Gourm    .     d - +0 helmet
rElec  .         Spirit   .     (no cloak)
rCorr  .         Warding  .     (no gloves)
rMut   .         Stasis   .     (no boots)
MR     .....                    (no amulet)
Stlth  +.........               (no ring)
                                (no ring)

@: not resistant to hostile enchantments, very unstealthy
A: mutation resistance 1, powered by pain 1
a: Depart the Abyss, Renounce Religion


You were on level 2 of the Dungeon.
You worshipped Lugonu.
Lugonu was aware of your devotion.
You were not hungry.

You visited 1 branch of the dungeon, and saw 2 of its levels.
You visited the Abyss 1 time.

You collected 132 gold pieces.

Inventory:

Hand weapons
 a - a +1 mace
 e - a +1 whip of pain (weapon)
Armour
 b - a +0 leather armour (worn)
 d - a +0 helmet (worn)
Scrolls
 f - 2 scrolls of identify
 g - a scroll of teleportation
Comestibles
 c - 3 bread rations


   Skills:
 - Level 3.0 Fighting
 - Level 1.7 Maces & Flails
 + Level 2.3 Armour
 + Level 1.6 Dodging
 + Level 3.4 Invocations


You had 2 spell levels left.
You didn't know any spells.

Dungeon Overview and Level Annotations

Branches:
Dungeon (2/15)

Altars:


Innate Abilities, Weirdness & Mutations

You sometimes gain a little power by taking damage.
You are somewhat resistant to further mutation.


Message History

The gnoll hits you.
You barely miss the gnoll.
The gnoll is lightly wounded.
The gnoll hits you!
The gnoll shouts!
You hit the gnoll.
The gnoll is moderately wounded.
The gnoll barely misses you.
You hit the gnoll.
The gnoll is heavily wounded.
The gnoll hits you but does no damage. The gnoll closely misses you.
You closely miss the gnoll.
The gnoll is heavily wounded.
The gnoll hits you from afar with a spear.
The gnoll hits you.
* * * LOW HITPOINT WARNING * * *
You closely miss the gnoll.
The gnoll is heavily wounded.
The gnoll hits you from afar with a spear!
You die...

** ###############.
#####..............g
**###.............g.....
*,...>.........g........
#.#######g#############.
#.##...@g........,,,,,,,
#.##.####+#######*******
#.##.##....#
#..........#*##**
#.#####....#...,**
###.####.........,,*
#.....<.....##...,,* *
#.#.###.....#**##*,*** *
#.#.# #.....#*,,,,,,,* *


You could see 2 gnolls.

Vanquished Creatures
  2 adders (D:2)
  4 goblins (D:1)
  2 hobgoblins (D:1)
  4 jackals (D:1)
  2 bats
  2 giant cockroaches (D:1)
  4 rats
20 creatures vanquished.

Notes
Turn   | Place    | Note
--------------------------------------------------------------
     0 | Abyss:1  | shakdrar the Demonspawn Abyssal Knight began the quest for the Orb.
     0 | Abyss:1  | Reached XP level 1. HP: 18/18 MP: 2/2
    48 | Abyss:1  | Noticed a chaos spawn
    49 | D:1      | Escaped the Abyss
   180 | D:1      | Acquired Lugonu's first power
   180 | D:1      | Reached skill level 1 in Dodging
   341 | D:1      | Gained mutation: You sometimes gain a little power by taking damage. [demonic ancestry]
   341 | D:1      | Reached XP level 2. HP: 24/24 MP: 4/4
  1115 | D:2      | Reached XP level 3. HP: 18/29 MP: 5/5
  1328 | D:2      | Gained mutation: You are somewhat resistant to further mutation. [potion of mutation]
  1359 | D:2      | Slain by a gnoll

Vault maps used:
D:1:      dpeg_arrival_lava_altar, serial_curves, eino_curves_04,
          eino_curves_01, eino_curves_01, eino_curves_03
D:2:      grunt_temple_overflow_gold_and_silver,
          gammafunk_temple_overflow_elements, first_bread

Action                   || total
-------------------------++-------
Melee: Mace              ||    32
       Whip              ||    55
Invok: Depart the Abyss  ||     1
  Use: Scroll            ||     3
       Potion            ||     2
  Eat: Fruit             ||     5
